 Dungeon Crawl Stone Soup version 0.30-a0-364-gf6b3ef1049 (webtiles) character file.

Game seed: 1434974401985909557

53 lesbiats the Ruffian (level 3, -7/36 HPs)
             Began as a Troll Fighter on Nov 15, 2022.
             Mangled by Sigmund
             ... wielding a +3 scythe of flaming
              (10 damage)
             ... on level 2 of the Dungeon.
             The game lasted 00:05:46 (1902 turns).

lesbiats the Ruffian (Troll Fighter)                Turns: 1902, Time: 00:05:46

Health: -7/36      AC:  4    Str: 24    XL:     3   Next: 62%
Magic:  2/2        EV:  8    Int:  6    God:
Gold:   86         SH:  7    Dex:  9    Spells: 2/2 levels left

rFire   . . .      SeeInvis .      - Unarmed
rCold   . . .      Faith    .    b - +0 kite shield
rNeg    . . .      Spirit   .    a - +0 robe
rPois   .          Reflect  .    (helmet restricted)
rElec   .          Harm     .    (no cloak)
rCorr   .          Rampage  .    (gloves unavailable)
Will    .....                    (boots unavailable)
Stlth   +.........               (no amulet)
HPRegen 1.06/turn                (no ring)
MPRegen 0.08/turn                (no ring)

@: no status effects
A: large, unfitting armour, claws 3, regeneration 1, shaggy fur 1, tough skin 1
a: no special abilities


You were on level 2 of the Dungeon.
You visited 1 branch of the dungeon, and saw 2 of its levels.

You collected 86 gold pieces.

Inventory:

Armour
 a - a +0 robe (worn)
 b - a +0 kite shield (worn)
Jewellery
 k - a ring of flight
Scrolls
 f - 4 scrolls of poison {unknown}
 g - 3 scrolls of summoning {unknown}
 h - 2 scrolls of teleportation {unknown}
 i - a scroll of enchant armour {unknown}
 m - a scroll of acquirement {unknown}
 n - a scroll of identify {unknown}
Potions
 c - a potion of might
 d - 2 potions of berserk rage {unknown}
 e - a potion of mutation {unknown}
 j - a potion of brilliance {unknown}
 l - a potion of heal wounds {unknown}
 o - a potion of flight {unknown}
 q - a potion of invisibility {unknown}


   Skills:
 + Level 2.8 Fighting
 - Level 2.4 Dodging
 + Level 3.1 Shields
 * Level 3.2 Unarmed Combat


You had 2 spell levels left.
You didn't know any spells.
Your spell library contained the following spells:

 Spells                   Type           Power      Damage    Failure   Level
 Sting                    Tmut/Pois      0%         1d3       75%         1
 Poisonous Vapours        Pois/Air       0%         N/A       87%         2
 Olgreb's Toxic Radiance  Pois           0%         N/A       100%        4


Dungeon Overview and Level Annotations

Branches:
Dungeon (2/15)

Altars:

Annotations:
D:2 Sigmund


Innate Abilities, Weirdness & Mutations

You are too large for most types of armour.
You have claws for hands.
Your natural rate of healing is unusually fast.
You are covered in fur. (AC +1)
You have tough skin. (AC +1)


Message History

Found 2 poisoned darts.
You see here 2 poisoned darts.
p - 2 poisoned darts
Found a lumpy ruby potion.
q - a lumpy ruby potion
Found a dagger.
You see here a +0 dagger.
Found a stone staircase leading up.
You aren't carrying any items that you can evoke.
Sigmund shouts!
Throw: 2 darts (poison)
Press: ? - help, Shift-Dir - straight line, f - Sigmund
Aim: Sigmund, wielding a +3 scythe of flaming, wearing a +0 robe and wearing the ring "Guidit" {rF+ Slay+4} (50% to hit)
You throw a poisoned dart. The poisoned dart hits Sigmund.
Sigmund is poisoned.
Throw: dart (poison)
Press: ? - help, Shift-Dir - straight line, f/p - Sigmund
Aim: Sigmund, wielding a +3 scythe of flaming, wearing a +0 robe and wearing the ring "Guidit" {rF+ Slay+4} (lightly wounded, poisoned, 50% to hit)
You throw a poisoned dart. The poisoned dart hits Sigmund.
Sigmund is lightly wounded.
Sigmund casts a spell at you. The puff of flame hits you!
Sigmund hits you with a +3 scythe of flaming!
Sigmund burns you.
You are too injured to fight recklessly!
You are too injured to fight recklessly!
You barely miss Sigmund.
Sigmund is lightly wounded.
You claw Sigmund!
Sigmund is heavily wounded.
Sigmund looks more healthy.
Sigmund gestures wildly while chanting.
Sigmund flickers and vanishes!
Deactivating autopickup; reactivate with Ctrl-A.
You closely miss something. Something hits you!
* * * LOW HITPOINT WARNING * * *
Something burns you.
* * * LOW HITPOINT WARNING * * *
Okay, then.
You miss something. Something hits you!
You die...

.......# #### .....
###.#.##########....
....#............. ..#
#####.#...######.. ##.# ...
....#.###......#.#######..# ..(.
###.#.# ######.#.#... .#..# #...
#.#.# #.#.#. #..# #..
###.#.##### #.#.# #..###.#
#.......#<# #..@#### #..##..#
#.......#.# ###.{.(####..##..#
#.......#.#########.(..##.....##
...............# #............#
#..............# #....>.......#
#..............# #............#
#..............# #............##
...........#.#.# #............#.
.########.##.#.# #............#.


There were no monsters in sight!

Vanquished Creatures
  2 adders (D:2)
  A worm (D:2)
  2 bats (D:1)
  4 endoplasms
  3 hobgoblins (D:1)
  5 kobolds
  2 quokkas (D:2)
  3 ball pythons
  2 frilled lizards (D:2)
  5 goblins
  2 rats (D:1)
31 creatures vanquished.

Notes
Turn   | Place    | Note
-------+----------+-------------------------------------------
     0 | D:1      | lesbiats the Troll Fighter began the quest for the Orb.
     0 | D:1      | Reached XP level 1. HP: 22/22 MP: 0/0
    37 | D:1      | Found a faded altar of an unknown god.
   325 | D:1      | Reached XP level 2. HP: 29/29 MP: 1/1
   948 | D:2      | Noticed Sigmund
  1191 | D:2      | Reached XP level 3. HP: 36/36 MP: 2/2
  1894 | D:2      | Identified the ring "Guidit" {rF+ Slay+4}
  1902 | D:2      | Mangled by Sigmund

Illustrated notes

Levels and vault maps discovered:
D:1:      heliophobic_arrival_henge, layout_loops_corners,
          chequers_ecumenical_altar_simple, serial_bayou_lake_a
D:2:      layout_basic, serial_aquarium, aquarium_bridge_straight
          [aquarium_subvault_bridge, aquarium_subvault_balcony,
          aquarium_subvault_bridge, aquarium_subvault_balcony],
          aquarium_bridge_square [aquarium_subvault_window,
          aquarium_subvault_bridge, aquarium_subvault_bridge,
          aquarium_subvault_bridge], aquarium_window_fake, aquarium_window_fake,
          aquarium_window_corner, aquarium_view_2e, minmay_pentomino_p4,
          uniq_sigmund

Skill      XL: |  1  2  3 |
---------------+----------+-----
Shields        | 3 |  3.1
Unarmed Combat | 3 |  3.2
Fighting       | |  2.8
Dodging        | |  2.4

Action                   || total
-------------------------++-------
Melee: Unarmed           ||    90
Throw: Dart              ||     2
Armor: Robe              ||    28
Dodge: Dodged            ||    32
Block: Kite shield       ||    34

Table legend: (Time is in decaauts)
 A = Elapsed time spent in this place.
 B = Non-inter-level travel time spent in this place.
 C = Inter-level travel time spent in this place.
 D = Time resting spent in this place.
 E = Time spent auto-exploring this place.
 F = Levels seen in this place.
 G = Mean time per level.
                   A        B        C        D        E       F      G
               +--------+--------+--------+--------+--------+-----+--------+
         Total |   1948 |   1523 |    425 |    108 |   1056 |   2 |  974.0 |
       Dungeon |   1948 |   1523 |    425 |    108 |   1056 |   2 |  974.0 |
               +--------+--------+--------+--------+--------+-----+--------+

Top non-repeatable levels by time:
     D:1: 1036 daAuts
     D:2: 911 daAuts
